 Dungeon Crawl Stone Soup version 0.27.0-1-g7a089689b8 (webtiles) character file.

Game seed: 17454924554638400178

148 thirtiethelement the Skirmisher (level 5, -1/42 HPs)
             Began as a Demonspawn Abyssal Knight on Aug 9, 2021.
             Was a Believer of Lugonu.
             Slain by an ogre (28 damage)
             ... on level 3 of the Dungeon.
             The game lasted 00:06:07 (2792 turns).

thirtiethelement the Skirmisher (DsAK)              Turns: 2792, Time: 00:06:07

Health: -1/42      AC: 15    Str: 13    XL:     5   Next: 8%
Magic:  7/7        EV: 11    Int: 13    God:    Lugonu [**....]
Gold:   158        SH:  0    Dex: 13    Spells: 4/4 levels left

rFire    . . .     SeeInvis .   a - +2 falchion
rCold    . . .     Faith    .   (no shield)
rNeg     . . .     Spirit   .   c - +3 leather armour
rPois    .         Reflect  .   (no helmet)
rElec    .         Harm     .   (no cloak)
rCorr    .         Rampage  .   (no gloves)
Will     .....                  (no boots)
Stlth    +.........             (no amulet)
HPRegen  0.14/turn              j - ring of flight
MPRegen  0.10/turn              (no ring)

@: sanguine armoured, flying
A: powered by death 1, sanguine armour 2
a: Renounce Religion, Depart the Abyss, Bend Space


You were on level 3 of the Dungeon.
You worshipped Lugonu.
Lugonu was pleased with you.
You visited 1 branch of the dungeon, and saw 3 of its levels.
You visited the Abyss 1 time.

You collected 158 gold pieces.

Inventory:

Hand Weapons
 a - a +2 falchion (weapon)
 f - a +1 antimagic hand axe
Missiles
 g - 5 atropa-tipped darts (quivered)
Armour
 c - a +3 leather armour (worn)
Magical Staves
 i - a staff of death
Jewellery
 j - a ring of flight (left hand)
Scrolls
 b - a scroll of enchant armour {unknown}
 d - 2 scrolls of enchant weapon
Potions
 e - a potion of lignification
 h - 2 potions of curing
 k - a potion of brilliance {unknown}
 l - 2 potions of attraction {unknown}


   Skills:
 + Level 3.8 Fighting
 + Level 3.5 Long Blades
 + Level 2.3 Armour
 + Level 1.8 Dodging
 + Level 0.2 Stealth
 + Level 2.6 Invocations


You had 4 spell levels left.
You didn't know any spells.
Your spell library contained the following spells:

 Spells                   Type           Power      Damage    Failure   Level
 Blink                    Tloc           N/A        N/A       52%         2
 Corpse Rot               Necr/Air       N/A        N/A       52%         2
 Lesser Beckoning         Tloc           0%         N/A       75%         3
 Airstrike                Air            0%         N/A       98%         4
 Dispel Undead            Necr           0%         3d6       98%         4
 Summon Lightning Spire   Summ/Air       0%         N/A       98%         4
 Lightning Bolt           Conj/Air       0%         1d11      100%        5
 Manifold Assault         Tloc           0%         N/A       100%        5
 Death Channel            Necr           0%         N/A       100%        6


Dungeon Overview and Level Annotations

Branches:
Dungeon (3/15)

Altars:
Dithmenos
Gozag
Nemelex Xobeh


Innate Abilities, Weirdness & Mutations

You regenerate a little health from kills.
When seriously injured, your bleeding wounds create thick armour. (AC +9)


Message History

The ufetubus moves out of view.
An ufetubus is nearby!
The ufetubus hits you but does no damage. x2
You barely miss the ufetubus. The ufetubus hits you.
The ufetubus hits you but does no damage. x2
The ufetubus barely misses you.
You closely miss the ufetubus.
The ufetubus hits you but does no damage.
The ufetubus hits you.
You hit the ufetubus.
The ufetubus is heavily wounded.
The ufetubus hits you.
The ufetubus hits you but does no damage.
The ufetubus barely misses you. The ufetubus hits you.
You hit the ufetubus but do no damage.
The ufetubus is heavily wounded.
The ufetubus hits you but does no damage.
The ufetubus misses you. The ufetubus barely misses you.
You riposte.
You hit the ufetubus but do no damage.
The ufetubus is heavily wounded.
The ufetubus hits you.
You hit the ufetubus.
You kill the ufetubus!
Lugonu accepts your kill.
Found a stone staircase leading up.
There is a stone staircase leading up here.
l - 2 ruby potions An ogre comes into view.
It is wielding a +0 giant club.
The ogre shouts!
You hit the ogre.
The ogre is lightly wounded.
The ogre hits you with a +0 giant club!
Your blood congeals into armour.
You slash the ogre!
The ogre is moderately wounded.
The ogre closely misses you.
You completely miss the ogre.
The ogre is moderately wounded.
The ogre hits you with a +0 giant club!!
Ouch! That really hurt!
You die...

#######....##.........#
#.....†...........
#..#...##.....##..#
#..##.###..#..###.#
#.....##..###..##.#
##........###.....
####.###..#...#
#............#
#.#.##.#@....#
#.#.##.#O....# #
#.##.#.....#
#.##.#.....#
.....####### #.#### #.


You could see an ogre.

Vanquished Creatures
  2 orc wizards (D:3)
  2 adders
  An ufetubus (D:3)
  A worm (D:2)
  3 orcs (D:3)
  7 endoplasms
  2 giant cockroaches (D:1)
  4 goblins
  4 hobgoblins (D:1)
  10 jackals
  4 kobolds
  5 quokkas
  7 ball pythons (D:1)
  6 bats
  A frilled lizard (D:2)
  3 rats
62 creatures vanquished.

Notes
Turn   | Place    | Note
-------+----------+-------------------------------------------
     0 | Abyss:1  | thirtiethelement the Demonspawn Abyssal Knight began the
                  | quest for the Orb.
     0 | Abyss:1  | Reached XP level 1. HP: 18/18 MP: 2/2
    21 | Abyss:2  | Found a corrupted altar of Lugonu.
    67 | Abyss:2  | Noticed an earth elemental
    77 | Abyss:3  | Noticed a large abomination
    78 | Abyss:3  | Noticed a boulder beetle
    79 | Abyss:3  | Noticed a thrashing horror
    79 | Abyss:3  | Noticed a tyrant leech
    81 | D:1      | Escaped the Abyss
   143 | D:1      | Reached * piety under Lugonu
   149 | D:1      | Gained mutation: When seriously injured, your bleeding
                  | wounds create armour. (AC +9) [demonic ancestry]
   149 | D:1      | Reached XP level 2. HP: 10/24 MP: 3/3
   357 | D:1      | Reached skill level 1 in Dodging
   679 | D:1      | Reached XP level 3. HP: 29/29 MP: 5/5
  1042 | D:2      | Reached ** piety under Lugonu
  1239 | D:2      | Found an opulent altar of Gozag.
  1849 | D:2      | Gained mutation: When seriously injured, your bleeding
                  | wounds create thick armour. (AC +9) [demonic ancestry]
  1849 | D:2      | Reached XP level 4. HP: 26/35 MP: 6/6
  1981 | D:2      | Found a faded altar of an unknown god.
  2517 | D:3      | Found a sparkling altar of Nemelex Xobeh.
  2517 | D:3      | Found a transporter.
  2594 | D:3      | Found a shadowy altar of Dithmenos.
  2609 | D:3      | Gained mutation: You regenerate a little health from kills.
                  | [demonic ancestry]
  2609 | D:3      | Reached XP level 5. HP: 42/42 MP: 7/7
  2788 | D:3      | Noticed an ogre
  2792 | D:3      | Slain by an ogre

Illustrated notes

Levels and vault maps discovered:
D:1:      lemuel_arrival_lava_pool, layout_basic
D:2:      layout_loops_ring, dilly_ecumenical_altar_fadedgnrine, basic_altar,
          supply_closet_lemuel, hangedman_abyss_or_decor_lesser_grid
D:3:      layout_loops_cross, grunt_nemelex_the_gamble,
          nicolae_uskayaw_en_pointe, nicolae_dithmenos_shadow_blocks

Skill      XL: |  1  2  3  4 |
---------------+-------------+-----
Long Blades    | 2 3 |  3.5
Dodging        | 1 |  1.8
Armour         | 2 |  2.3
Fighting       | |  3.8
Stealth        | |  0.2
Invocations    | |  2.6

Action                   |  1- 3 |  4- 6 || total
-------------------------+-------+-------++-------
Melee: Falchion          |   142 |    52 ||   194
Invok: Depart the Abyss  |     1 |       ||     1
  Use: Scroll            |       |     4 ||     4
 Stab: Sleeping          |       |     1 ||     1
Armor: Leather armour    |    79 |    27 ||   106
Dodge: Dodged            |   101 |    25 ||   126
       Rpst.: Falchion   |    26 |    10 ||    36
